 Dungeon Crawl Stone Soup version 0.30-b1-2-g02819fbbbe (webtiles) character file.

Game seed: 14535346135716514572

1726291 h0peless the Hawkeye (level 27, 308/308 HPs)
             Began as an Ogre Gladiator on June 21, 2023.
             Was the Champion of Okawaru.
             Escaped with the Orb
             ... and 3 runes on June 23, 2023!
             The game lasted 03:41:11 (65580 turns).

h0peless the Hawkeye (Ogre Gladiator)              Turns: 65580, Time: 03:41:12

Health: 308/308    AC: 42    Str: 40    XL:     27
Magic:  38/38      EV: 16    Int: 11    God:    Okawaru [******]
Gold:   6068       SH: 35    Dex: 20    Spells: 25/26 levels left

rFire   + + .        a - +9 broad axe (heavy)
rCold   + + .        B - +7 tower shield {AC+3}
rNeg    . . .        s - +11 gold dragon scales "Xeocruwo" {rPois rF+ rC+ Will+ Str+2 Slay+2}
rPois   +            Y - +2 hat
rElec   +            K - +2 cloak
rCorr   .            (gloves unavailable)
SInv    .            (boots unavailable)
Will    ++++.        y - amulet of Warulekk {Reflect rElec MP+9 SH+5 Stlth+} Stlth
                     L - ring "Unwoali" {rElec rF+ Str+6 Slay+2}
HPRegen 0.71/turn    z - ring of Hasaghe {rPois rC+ Will+ Str+3 Int+3}
MPRegen 0.26/turn

%: reflection
@: studying 5 skills
A: large, unfitting armour, tough skin 1, agile 1, low MP 1, inability to drink
after injury 1, sturdy frame 1
0: Orb of Zot
}: 3/15 runes: decaying, serpentine, silver
a: Renounce Religion, Heroism, Finesse, Duel


You escaped.
You worshipped Okawaru.
Okawaru was exalted by your worship.
You visited 11 branches of the dungeon, and saw 51 of its levels.
You also visited: Trove, Sewer, Ice Cave and Volcano.

You collected 9551 gold pieces.
You spent 3483 gold pieces at shops.

Inventory:

Hand Weapons
 a - a +9 heavy broad axe (weapon)
Missiles
 d - 14 throwing nets
 e - 100 large rocks (quivered)
 p - 5 silver boomerangs
 M - 19 javelins
 V - 21 silver javelins
 W - 25 boomerangs
Armour
 n - the +3 kite shield of the World {Regen+ Str+4 Stlth+}
   (Okawaru gifted it to you in a volcano)

   Str:       It affects your strength (+4).
   Regen:     It increases your rate of health regeneration.
   Stlth:     It makes you more stealthy.
 s - the +11 gold dragon scales "Xeocruwo" (worn) {rPois rF+ rC+ Will+ Str+2 Slay+2}
   (Okawaru gifted it to you on level 1 of the Lair of Beasts)

   Str:       It affects your strength (+2).
   Slay:      It affects your accuracy & damage with ranged weapons and melee
   (+2).
   rF:        It protects you from fire.
   rC:        It protects you from cold.
   rPois:     It protects you from poison.
   Will:      It increases your willpower.
 B - a +7 tower shield of protection (worn)
 K - a +2 cloak (worn)
 Y - a +2 hat (worn)
Magical Staves
 b - a staff of death
Jewellery
 c - a ring of positive energy
 y - the amulet of Warulekk (around neck) {Reflect rElec MP+9 SH+5 Stlth+}
   (You found it on level 14 of the Dungeon)

   [amulet of reflection]

   It reflects blocked missile attacks.
   rElec:     It insulates you from electricity.
   MP:        It affects your magic capacity (+9).
   SH:        It affects your SH (+5).
   Stlth:     It makes you more stealthy.
 z - the ring of Hasaghe (right hand) {rPois rC+ Will+ Str+3 Int+3}
   (You found it in an ice cave)

   [ring of protection from cold]

   Str:       It affects your strength (+3).
   Int:       It affects your intelligence (+3).
   rC:        It protects you from cold.
   rPois:     It protects you from poison.
   Will:      It increases your willpower.
 C - the ring "Dexzoatt" {rElec rC+ Int+6 SInv}
   (You found it on level 3 of the Vaults)

   [ring of intelligence]

   Int:       It affects your intelligence (+6).
   rC:        It protects you from cold.
   rElec:     It insulates you from electricity.
   SInv:      It lets you see invisible.
 G - the ring "Tomamo" {+Blink rElec rCorr Dex+6}
   (You took it off a spriggan defender on level 4 of the Depths)

   [ring of dexterity]

   Dex:       It affects your dexterity (+6).
   rElec:     It insulates you from electricity.
   +Blink:    It lets you blink.
   rCorr:     It protects you from acid and corrosion.
 L - the ring "Unwoali" (left hand) {rElec rF+ Str+6 Slay+2}
   (You found it on level 8 of the Dungeon)

   [ring of strength]

   Str:       It affects your strength (+6).
   Slay:      It affects your accuracy & damage with ranged weapons and melee
   (+2).
   rF:        It protects you from fire.
   rElec:     It insulates you from electricity.
Wands
 O - a wand of light (57)
 R - a wand of digging (17)
Scrolls
 g - a scroll of brand weapon
 i - 9 scrolls of magic mapping
 j - 5 scrolls of poison
 o - 14 scrolls of fog
 t - 24 scrolls of teleportation
 v - 2 scrolls of silence
 A - 7 scrolls of enchant armour
 N - 11 scrolls of fear
 T - 8 scrolls of blinking
Potions
 f - 14 potions of mutation
 h - 4 potions of cancellation
 k - 3 potions of invisibility
 l - 7 potions of heal wounds
 q - 5 potions of attraction
 r - 3 potions of berserk rage
 u - 13 potions of haste
 x - 8 potions of flight
 E - 29 potions of curing
 F - 9 potions of lignification
 I - 6 potions of resistance
 J - 2 potions of ambrosia
 S - 13 potions of might
Miscellaneous
 D - a condenser vane
 Z - a phial of floods


   Skills:
 + Level 23.9 Fighting
 - Level 16.8(18.0) Axes
 - Level 10.0(13.9) Maces & Flails
 * Level 25.7 Throwing
 + Level 18.4 Armour
 + Level 17.6 Dodging
 - Level 20.0 Shields
 - Level 13.0 Invocations


You had 25 spell levels left.
You knew the following spells:

 Your Spells              Type           Power      Damage    Failure   Level
a - Apportation           Tloc           0%         N/A       93%         1

Your spell library contained the following spells:

 Spells                   Type           Power      Damage    Failure   Level
 Foxfire                  Conj/Fire      0%         2x1d4     93%         1
 Freeze                   Ice            0%         1d3       93%         1
 Kiss of Death            Conj/Necr      0%         2d5       93%         1
 Magic Dart               Conj           0%         1d3       93%         1
 Necrotise                Necr           0%         1d4       93%         1
 Shock                    Conj/Air       0%         1d3       93%         1
 Slow                     Hex            0%         N/A       93%         1
 Blink                    Tloc           0%         N/A       98%         2
 Ensorcelled Hibernation  Hex/Ice        0%         N/A       98%         2
 Passwall                 Tmut/Erth      0%         N/A       98%         2
 Poisonous Vapours        Pois/Air       0%         N/A       98%         2
 Scorch                   Fire           0%         2d5       98%         2
 Sublimation of Blood     Necr           0%         N/A       98%         2
 Wereblood                Tmut           0%         N/A       98%         2
 Confusing Touch          Hex            0%         N/A       100%        3
 Frozen Ramparts          Ice            0%         1d1       100%        3
 Hailstorm                Conj/Ice       0%         3d3       100%        3
 Ignite Poison            Fire/Tmut/Pois 0%         N/A       100%        3
 Inner Flame              Hex/Fire       0%         N/A       100%        3
 Mephitic Cloud           Conj/Pois/Air  0%         N/A       100%        3
 Ozocubu's Armour         Ice            0%         N/A       100%        3
 Portal Projectile        Hex/Tloc       0%         N/A       100%        3
 Spider Form              Tmut/Pois      0%         N/A       100%        3
 Swiftness                Air            0%         N/A       100%        3
 Vampiric Draining        Necr           0%         2d6       100%        3
 Volatile Blastmotes      Fire/Tloc      0%         2d10      100%        3
 Airstrike                Air            0%         2d(0-16)  100%        4
 Flame Wave               Conj/Fire      0%         2d4       100%        4
 Fulminant Prism          Conj/Hex       0%         3d5       100%        4
 Ice Form                 Ice/Tmut       0%         N/A       100%        4
 Iskenderun's Mystic Bla  Conj/Tloc      0%         2d3       100%        4
 Leda's Liquefaction      Hex/Erth       0%         N/A       100%        4
 Manifold Assault         Tloc           0%         N/A       100%        4
 Petrify                  Tmut/Erth      0%         N/A       100%        4
 Agony                    Necr           0%         N/A       100%        5
 Alistair's Intoxication  Tmut/Pois      0%         N/A       100%        5
 Arcjolt                  Conj/Air       0%         1d10      100%        5
 Blade Hands              Tmut           0%         N/A       100%        5
 Fireball                 Conj/Fire      0%         3d3       100%        5
 Freezing Cloud           Conj/Ice/Air   0%         6-21      100%        5
 Irradiate                Conj/Tmut      0%         3d11      100%        5
 Iskenderun's Battlesphe  Conj           0%         2d6       100%        5
 Lee's Rapid Deconstruct  Erth           0%         3d4*      100%        5
 Metabolic Englaciation   Hex/Ice        0%         N/A       100%        5
 Conjure Ball Lightning   Conj/Air       0%         3x3d6     100%        6
 Eringya's Noxious Bog    Tmut/Pois      0%         N/A       100%        6
 Iron Shot                Conj/Erth      0%         9d1       100%        6
 Plasma Beam              Fire/Air       0%         2x1d11    100%        6
 Starburst                Conj/Fire      0%         6d3       100%        6
 Statue Form              Tmut/Erth      0%         N/A       100%        6
 Orb of Destruction       Conj           0%         9d5       100%        7
 Ozocubu's Refrigeration  Ice            0%         4d7       100%        7
 Storm Form               Tmut/Air       0%         N/A       100%        7
 Lehudib's Crystal Spear  Conj/Erth      0%         10d2      100%        8
 Call Canine Familiar     Summ           Unusable   N/A       N/A         3
 Summon Guardian Golem    Hex/Summ       Unusable   N/A       N/A         3
 Animate Armour           Summ/Erth      Unusable   N/A       N/A         4
 Summon Forest            Summ/Tloc      Unusable   N/A       N/A         5
 Simulacrum               Ice/Necr       Unusable   N/A       N/A         6
 Summon Cactus Giant      Summ           Unusable   N/A       N/A         6
 Spellforged Servitor     Conj/Summ      Unusable   N/A       N/A         7
 Summon Hydra             Summ           Unusable   N/A       N/A         7

Dungeon Overview and Level Annotations

Branches:
Dungeon (15/15)            Temple (1/1) D:6            Lair (5/5) D:11
  Swamp (4/4) Lair:3        Snake (4/4) Lair:3        Slime (0/5) Lair:4
    Orc (2/2) D:11            Elf (3/3) Orc:2        Vaults (5/5) D:13
  Crypt (3/3) Vaults:2       Tomb (0/3) Crypt:3      Depths (4/4) D:15
    Zot (5/5) Depths:4      Sewer (visited)           IceCv (visited)
Volcano (visited)

Altars:
Ashenzari
Cheibriados
Dithmenos
Elyvilon
Fedhas
Gozag
Hepliaklqana
Kikubaaqudgha
Makhleb
Nemelex Xobeh
Okawaru
Qazlal
Ru
Sif Muna
Trog
Uskayaw
Vehumet
Wu Jian
Xom
Yredelemnul
Zin
The Shining One
Jiyva

Shops:
D:1 ?   Orc:2 *([(*   Snake:1 [   Snake:2 ::=   Snake:3 (   Snake:4 (*
Vaults:2 :*!(   Depths:3 [

Portals:
Hell: Depths:1 Depths:2 Depths:3 Depths:4
Abyss: Depths:3
Pandemonium: Depths:2
Ziggurat: Depths:3

Annotations:
D:12 1 runed translucent door, KineticRobot's ghost, novice FeBe
D:14 1 runed translucent door


Innate Abilities, Weirdness & Mutations

You are too large for most types of armour.
You have tough skin. (AC +1)
You are agile. (Dex +4, Str/Int -1)
Your magical capacity is low. (-10% MP)
You occasionally lose the ability to drink potions when taking damage.
Your movements are slightly less encumbered by armour. (ER -2)


Message History

(H) Hell (Z) Zot
Where to? (Enter - D:1 @ (x,y), ? - help)
There is a stone staircase leading up here.
You climb upwards.
There is a stone staircase leading down here.
There is a stone staircase leading up here.
You climb upwards.
There is a stone staircase leading down here.
There is a stone staircase leading up here.
You climb upwards.
There is a stone staircase leading down here.
There is a stone staircase leading up here.
You climb upwards.
There is a stone staircase leading down here.
There is a stone staircase leading up here.
You climb upwards.
There is a stone staircase leading down here.
There is a stone staircase leading up, spattered with blood here.
You climb upwards.
There is a stone staircase leading down here.
There is a stone staircase leading up here.
You climb upwards.
There is a stone staircase leading down here.
There is a stone staircase leading up here.
You climb upwards.
There is a stone staircase leading down here.
There is a stone staircase leading up here.
You climb upwards.
There is a stone staircase leading down here.
There is a stone staircase leading up here.
You climb upwards.
There is a stone staircase leading down here.
There is an open door here.
You see here a +0 mace. 2 hellwings come into view.
The hellwing moves out of view. x2
The hellwing gives a chilling moan. x2
A hellwing comes into view.
There is a staircase leading out of the dungeon here.
You have escaped!

#.# #..##.# #.....##.#.>.
#.###..##.# #.....##.#...
#.#.......# ###...##'#...
#######.#.###.#.#######)#.......#
#...[.................#.#.......#
#.#####.#...#########.#.#.).....#
#.# #...............#.#.).....'
#.#####.#.............#.#.......#
#.....#.#.#.....@.......#.......#
####....#.............#.#.......#
..)...................#.....#####
#######.#...#########4..#.#.# # #
#.....#.............#...#.# # #
#.#...#..#######.4###.###.# #
###.##.##..#.......4........# #
......)....#.#.########.##### #
###..#)###.#.#...#......#


You could see 3 hellwings.

Vanquished Creatures
  5 dread liches
  6 ancient liches
  Mara (Depths:1)
  6 orbs of fire
  Parghit (Depths:4)
  Boris (Vaults:4)
  3 Killer Klowns (Zot:5)
  3 curse toes
  Xtahua (Vaults:4)
  Vashnia (Snake:4)
  Bai Suzhen (Swamp:3)
  11 golden dragons
  the Enchantress (Depths:3)
  3 bone dragons
  7 electric golems
  An Ice Fiend (Zot:5)
  Zenata (Vaults:4)
  11 tentacled monstrosities
  7 liches
  27 Orb Guardians
  6 titans
  A walking earthen tome (Depths:3)
  9 quicksilver dragons
  3 deep elf blademasters (Elf:3)
  A deep elf master archer (Elf:3)
  2 Executioners
  2 thorn hunters
  6 ancient champions
  15 death cobs
  Gastronok (D:11)
  4 sphinxes
  3 tengu reavers
  10 shadow dragons
  4 draconian monks
  Kirke (Lair:3)
  13 storm dragons
  A rockslime (IceCv)
  A fenstrider witch (Swamp:2)
  4 nagarajas
  3 azure jellies (IceCv)
  3 deep elf sorcerers (Elf:3)
  4 draconian knights
  18 vault wardens
  6 fire giants
  Aizul (Snake:2)
  6 draconian scorchers
  3 iron dragons (Vaults:5)
  A caustic shrike zombie (Crypt:3)
  2 ghost moths
  2 curse skulls
  2 deep elf elementalists (Elf:3)
  6 frost giants
  6 draconian shifters
  3 draconian stormcallers
  9 ghouls
  7 draconian annihilators
  3 war gargoyles
  An orc warlord (Vaults:4)
  3 juggernaut skeletons (Crypt:3)
  A caustic shrike skeleton (Crypt:3)
  10 green draconians
  5 spriggan defenders
  11 stone giants
  4 quicksilver oozes (IceCv)
  12 ironbound thunderhulks
  28 very ugly things
  6 eleionomae
  22 ironbound preservers
  7 vampire knights
  2 bunyips (Swamp:4)
  5 deep elf demonologists (Elf:3)
  9 red draconians
  8 deep elf annihilators (Elf:3)
  4 yellow draconians
  16 black draconians
  6 dire elephants
  12 white draconians
  11 purple draconians
  4 spark wasps (Depths:3)
  A minotaur (shapeshifter) (Vaults:5)
  2 eidola
  2 crystal guardians
  14 ettins
  8 deep elf death magi
  Josephine (Orc:2)
  8 fire dragons
  5 deep elf high priests (Elf:3)
  8 jiangshi
  A fire dragon (shapeshifter) (D:14)
  7 great orbs of eyes
  A merfolk impaler (Depths:3)
  Erolcha (D:9)
  An entropy weaver (Vaults:3)
  Fannar (D:11)
  6 rakshasas
  A quicksilver dragon skeleton (Crypt:3)
  20 hydras
  10 ice dragons
  19 yaktaur captains
  37 vault guards
  3 peacekeepers
  Harold (D:9)
  2 salamander tyrants (Snake:4)
  2 ghost crabs
  6 anacondas
  A jorogumo (shapeshifter) (Vaults:5)
  2 spriggan skeletons (Crypt:3)
  Erica (D:8)
  4 ogre magi
  4 death knights
  4 spriggan air magi
  22 centaur warriors
  16 two-headed ogres
  32 dancing weapons
  An anaconda (shapeshifter) (Depths:3)
  5 deep troll shamans
  6 alligators
  8 boulder beetles
  9 ironbound frosthearts
  5 tengu warriors
  5 hell hogs (Depths:4)
  7 deep troll earth magi
  Urug (Lair:3)
  15 naga warriors
  4 orc high priests
  9 spriggan berserkers
  A large abomination (Zot:1)
  4 shock serpents
  Nergalle (D:12)
  A shock serpent (shapeshifter) (Vaults:5)
  A sun demon (Depths:4)
  5 vampire magi
  Sonja (Lair:1)
  2 soul eaters (Depths:4)
  19 deep elf knights
  A shadow wraith (Crypt:2)
  18 naga sharpshooters
  5 salamander mystics
  5 hell knights
  Amaemon (Lair:1)
  6 iron trolls
  An emperor scorpion zombie (Crypt:3)
  44 skeletal warriors
  A skyshark (Lair:5)
  A bunyip zombie (Crypt:1)
  A sea snake (shapeshifter) (Depths:3)
  A spriggan druid (Swamp:4)
  2 storm dragon skeletons
  3 goliath frogs
  An iron giant zombie (Crypt:1)
  2 glowing orange brains
  A deep troll (shapeshifter) (D:11)
  3 flayed ghosts
  Lodul (D:11)
  A bunyip skeleton (Crypt:3)
  17 wizards
  6 bog bodies
  39 deep trolls
  13 deep elf archers
  13 swamp dragons
  6 naga ritualists
  A goliath frog zombie (Crypt:1)
  10 lindwurms
  13 phantasmal warriors
  10 orc knights
  A swamp dragon (shapeshifter) (Elf:1)
  2 orange crystal statues (IceCv)
  2 fenstrider witch simulacra (Swamp:4)
  A shadow dragon skeleton (Crypt:3)
  2 iron giant skeletons (Crypt:3)
  18 ironbound convokers
  28 deep elf zephyrmancers
  2 wolf spiders
  35 deep elf pyromancers
  6 manticores
  2 oklob plants (D:11)
  4 necromancers
  A tengu skeleton (Vaults:4)
  4 mana vipers
  4 orc sorcerers
  A manticore (shapeshifter) (Elf:2)
  14 salamanders
  2 will-o-the-wisps (Swamp:2)
  15 elephants
  39 ugly things
  34 moths of wrath
  A salamander (shapeshifter) (Vaults:5)
  10 cyclopes
  5 toenail golems (Volcano)
  13 guardian serpents
  10 naga magi
  25 black mambas
  2 molten gargoyles (Lair:5)
  2 torpor snails
  9 cane toads
  A stone giant skeleton (Crypt:3)
  22 vault sentinels
  A gargoyle (D:12)
  A dire elephant skeleton (Crypt:3)
  An unseen horror (D:11)
  5 smoke demons
  Maggie (Lair:1)
  5 efreet
  A yaktaur (shapeshifter) (Vaults:5)
  An orange demon (Lair:1)
  5 rime drakes
  8 freezing wraiths
  2 kobold demonologists
  34 yaktaurs
  10 komodo dragons
  An ice devil (Depths:2)
  An alligator snapping turtle skeleton (Crypt:2)
  An anaconda simulacrum (Crypt:2)
  2 guardian mummies (Crypt:1)
  A tengu conjurer (D:13)
  A komodo dragon (shapeshifter) (D:14)
  A catoblepas skeleton (Crypt:3)
  11 trolls
  An unseen horror skeleton (Crypt:1)
  A red devil (Depths:2)
  3 polar bears
  A wind drake (shapeshifter) (D:14)
  5 tyrant leeches
  An elf zombie (Vaults:4)
  2 harpy skeletons (Crypt:3)
  7 hornets
  6 blink frogs (Lair:3)
  A death drake skeleton (Swamp:4)
  5 dream sheep
  A human simulacrum (Vaults:4)
  A hydra skeleton (Crypt:3)
  A spriggan (shapeshifter) (D:14)
  54 slime creatures
  12 flying skulls (Crypt:3)
  3 air elementals
  7 spriggans
  4 vampires
  2 shadows
  A wyvern (shapeshifter) (Elf:3)
  49 yaks
  19 wraiths
  2 centaur simulacra
  8 water elementals
  6 wyverns
  A basilisk (shapeshifter) (Vaults:5)
  2 hogs (Lair:3)
  2 humans (Lair:3)
  A golden eye (shapeshifter) (D:14)
  4 fire elementals
  An alligator snapping turtle simulacrum (Crypt:2)
  6 basilisks
  21 vampire mosquitoes
  3 steam dragons
  15 swamp worms
  A warg (Orc:2)
  3 acid dragons
  43 nagas
  19 water moccasins
  A floating eye (Depths:2)
  5 hell hounds (Lair:5)
  A fire bat skeleton (Crypt:1)
  A glowing shapeshifter skeleton (Crypt:3)
  2 deep troll skeletons
  4 great orb of eyes simulacra (IceCv)
  31 orc warriors
  6 swamp drakes
  An ettin simulacrum (Crypt:2)
  A sky beast (D:7)
  29 wolves
  2 boggarts
  A hog zombie (Crypt:3)
  15 ogres
  13 centaurs
  3 slime creature simulacra (IceCv)
  A fire crab zombie (Crypt:2)
  2 phantoms (D:11)
  5 kobold brigands
  14 bullfrogs
  2 necrophages
  4 glowing shapeshifter simulacra (IceCv)
  2 earth elementals
  4 gnoll sergeants
  An elf skeleton (Crypt:2)
  2 scorpions
  A scorpion (shapeshifter) (D:11)
  A troll zombie (D:11)
  11 killer bees
  12 howler monkeys
  An electric eel (Lair:2)
  5 lava snakes (Lair:5)
  3 jellies
  2 hounds
  A human zombie (Crypt:1)
  A sleepcap (D:5)
  17 orc priests
  2 centaur skeletons (Crypt:3)
  A gnoll bouda (D:9)
  An iguana (D:6)
  25 orc wizards
  2 human skeletons (Crypt:1)
  5 ogre zombies (D:11)
  3 naga skeletons
  A boggart simulacrum (D:14)
  5 mummies (Crypt:1)
  11 gnolls
  A river rat (shapeshifter) (Vaults:5)
  12 adders
  3 river rats
  A swamp drake skeleton (Crypt:3)
  2 shadow imps
  A lava snake zombie (Crypt:2)
  An iguana skeleton (Crypt:2)
  2 worms (D:5)
  3 dart slugs
  84 orcs
  A bat skeleton (Crypt:3)
  An endoplasm (D:1)
  6 giant cockroaches
  8 goblins
  6 hobgoblins
  10 jackals
  4 quokkas
  10 ball pythons
  4 bats
  A dart slug zombie (Crypt:1)
  10 frilled lizards
  7 goblin zombies (D:11)
  A hobgoblin skeleton (Crypt:1)
  A hobgoblin zombie (D:11)
  28 kobolds
  3 orc skeletons (D:11)
  8 orc zombies (D:11)
  10 rats
  5 briar patches (Swamp:1)
2282 creatures vanquished.

Vanquished Creatures (others)
  An eleionoma (Swamp:4)
  An alligator (Swamp:2)
  2 swamp dragons
  2 deep elf pyromancers
  A salamander (Snake:4)
  A human zombie (Vaults:4)
  A hornet (Swamp:3)
  6 bloated husks
  A tyrant leech (Swamp:4)
  A spriggan (Swamp:3)
  2 swamp worms
  A naga (Snake:2)
  A water moccasin (Lair:2)
  A boggart (D:14)
  3 orc wizards
  8 foxfires (Swamp:2)
  15 fungi
  40 plants
88 creatures vanquished.

Grand Total: 2370 creatures vanquished

Notes
Turn   | Place    | Note
-------+----------+-------------------------------------------
     0 | D:1      | h0peless the Ogre Gladiator began the quest for the Orb.
     0 | D:1      | Reached XP level 1. HP: 22/22 MP: 1/1
   123 | D:1      | Reached XP level 2. HP: 26/29 MP: 2/2
   247 | D:1      | Found The Oracle's Delphic Readings.
   439 | D:1      | Reached XP level 3. HP: 32/37 MP: 3/3
  1703 | D:3      | Identified the +9 whip "Ucre" {freeze, rElec rF+ rC+}
  1755 | D:3      | Reached XP level 4. HP: 43/45 MP: 4/4
  2473 | D:1      | Bought a scroll of blinking for 75 gold pieces
  2473 | D:1      | Bought a scroll of identify for 20 gold pieces
  2658 | D:4      | Found a snail-covered altar of Cheibriados.
  2835 | D:4      | Noticed a scorpion
  2842 | D:4      | Killed a scorpion
  2843 | D:4      | Reached skill level 3 in Throwing
  2843 | D:4      | Reached XP level 5. HP: 54/54 MP: 5/5
  3474 | D:5      | Entered Level 5 of the Dungeon
  3556 | D:5      | Found a glowing drain.
  3590 | Sewer    | Entered a sewer
  3634 | Sewer    | Reached XP level 6. HP: 63/63 MP: 6/6
  3807 | Sewer    | Reached skill level 5 in Maces & Flails
  4604 | D:1      | Bought a scroll of identify for 20 gold pieces
  4604 | D:1      | Bought a scroll of identify for 20 gold pieces
  4698 | D:4      | Reached skill level 5 in Fighting
  4983 | D:5      | Reached XP level 7. HP: 72/72 MP: 7/7
  5063 | D:5      | Reached skill level 4 in Throwing
  5113 | D:5      | Found a glowing golden altar of the Shining One.
  5656 | D:6      | Reached XP level 8. HP: 83/83 MP: 8/8
  5746 | D:6      | Reached skill level 5 in Throwing
  6075 | D:6      | You fall into a shaft and drop 3 floors!
  6234 | D:6      | Reached skill level 6 in Throwing
  6461 | D:6      | Reached XP level 9. HP: 89/89 MP: 9/9
  6538 | D:6      | Found a staircase to the Ecumenical Temple.
  6553 | Temple   | Entered the Ecumenical Temple
  6558 | Temple   | Became a worshipper of Warmaster Okawaru
  6599 | D:7      | Reached skill level 1 in Invocations
  6766 | D:7      | Found a stormy altar of Qazlal.
  6766 | D:7      | Found a hazy altar of Hepliaklqana.
  6949 | D:7      | Identified the +7 sling of the Doomed Warrior {speed, rElec
                  | rC++ MP-9 Stlth+}
  6968 | D:7      | Reached * piety under Okawaru
  7281 | D:7      | Found a shimmering blue altar of Sif Muna.
  7297 | D:7      | Reached skill level 5 in Dodging
  7368 | D:7      | Got Sif Muna's Secrets of Evolution
  7374 | D:7      | Found a bloodstained altar of Trog.
  7466 | D:7      | Reached skill level 7 in Throwing
  7733 | D:8      | Reached ** piety under Okawaru
  7908 | D:8      | Reached XP level 10. HP: 98/98 MP: 4/13
  7940 | D:8      | Reached skill level 5 in Invocations
  7968 | D:8      | Noticed a two-headed ogre
  8010 | D:8      | Killed a two-headed ogre
  8011 | D:8      | Reached skill level 8 in Throwing
  8389 | D:8      | Reached *** piety under Okawaru
  8393 | D:8      | Identified the ring "Unwoali" {rElec rF+ Str+6 Slay+2}
  8758 | D:8      | Noticed Erica
  8782 | D:8      | Killed Erica
  8920 | D:9      | Noticed Harold
  8941 | D:9      | Killed Harold
  8941 | D:9      | Reached **** piety under Okawaru
  8941 | D:9      | Received a gift from Okawaru
  8942 | D:9      | Reached skill level 10 in Fighting
  9308 | D:9      | Noticed Erolcha
  9753 | D:10     | Entered Level 10 of the Dungeon
  9891 | D:10     | Reached XP level 11. HP: 116/123 MP: 15/15
  9945 | D:10     | Noticed a two-headed ogre
  9979 | D:10     | Killed a two-headed ogre
 10195 | D:10     | Found a shadowy altar of Dithmenos.
 10255 | D:10     | Noticed a two-headed ogre
 10283 | D:10     | Killed a two-headed ogre
 10366 | D:10     | Reached ***** piety under Okawaru
 10881 | D:10     | Noticed a two-headed ogre
 10908 | D:10     | Killed a two-headed ogre
 11066 | D:11     | Noticed Gastronok
 11190 | D:11     | Killed Gastronok
 11289 | D:11     | Noticed a two-headed ogre
 11306 | D:11     | Noticed a manticore
 11309 | D:11     | Killed a two-headed ogre
 11309 | D:11     | Received a gift from Okawaru
 11310 | D:11     | Reached skill level 9 in Throwing
 11311 | D:11     | Received a gift from Okawaru
 11326 | D:11     | Killed a manticore
 11327 | D:11     | Reached XP level 12. HP: 92/136 MP: 14/17
 11350 | D:11     | Noticed a boulder beetle
 11367 | D:11     | Noticed a tengu warrior
 11369 | D:11     | Killed a boulder beetle
 11447 | D:11     | Noticed Fannar
 11469 | D:11     | Killed Fannar
 11497 | D:11     | Identified the +7 tower shield "Wuloul" {Rampage Int+4
                  | Slay-3 SInv} (Okawaru gifted it to you on level 11 of the
                  | Dungeon)
 11497 | D:11     | Received a gift from Okawaru
 11630 | D:11     | Reached skill level 1 in Shields
 11854 | D:11     | Noticed Lodul
 11864 | D:11     | Killed Lodul
 11976 | D:11     | Reached ****** piety under Okawaru
 11983 | D:11     | Found a staircase to the Orcish Mines.
 12260 | D:11     | Found a staircase to the Lair.
 12316 | Lair:1   | Entered Level 1 of the Lair of Beasts
 12316 | Lair:1   | Noticed Amaemon
 12324 | Lair:1   | Noticed Maggie
 12324 | Lair:1   | Killed Amaemon
 12328 | Lair:1   | Reached skill level 10 in Throwing
 12330 | Lair:1   | Noticed Sonja
 12335 | Lair:1   | Killed Sonja
 12338 | Lair:1   | Killed Maggie
 12339 | Lair:1   | Reached XP level 13. HP: 89/146 MP: 19/19
 12457 | Lair:1   | Identified the +11 gold dragon scales "Xeocruwo" {rPois rF+
                  | rC+ Will+ Str+2 Slay+2} (Okawaru gifted it to you on level
                  | 1 of the Lair of Beasts)
 12457 | Lair:1   | Received a gift from Okawaru
 12825 | Lair:2   | Reached skill level 1 in Armour
 13078 | Lair:2   | Identified 2 scrolls of acquirement
 13236 | Lair:2   | Found a gate leading to a gauntlet.
 13267 | Lair:2   | Reached skill level 5 in Armour
 14023 | Lair:3   | Noticed Urug
 14038 | Lair:3   | Killed Urug
 14112 | Lair:3   | Acquired a scarf of resistance
 14114 | Lair:3   | Acquired 939 gold pieces
 14136 | Lair:3   | Found a staircase to the Swamp.
 14296 | Lair:3   | Found a staircase to the Snake Pit.
 14416 | Lair:3   | Noticed Kirke
 14432 | Lair:3   | Killed Kirke
 15074 | Lair:4   | Received a gift from Okawaru
 15075 | Lair:4   | Reached XP level 14. HP: 157/157 MP: 21/21
 15161 | Lair:3   | Received a gift from Okawaru
 15330 | Lair:4   | Found a dark tunnel.
 15372 | Volcano  | Entered a volcano
 15392 | Volcano  | Identified the +3 kite shield of the World {Regen+ Str+4
                  | Stlth+} (Okawaru gifted it to you in a volcano)
 15392 | Volcano  | Received a gift from Okawaru
 15744 | Lair:4   | Reached skill level 10 in Armour
 15764 | Lair:4   | Found a staircase to the Slime Pits.
 15764 | Lair:4   | Found a viscous altar of Jiyva.
 16315 | Lair:5   | Entered Level 5 of the Lair of Beasts
 16744 | Lair:5   | Identified the +7 triple sword "Qumioqisoe" {drain, Fly}
                  | (Okawaru gifted it to you on level 5 of the Lair of Beasts)
 16744 | Lair:5   | Received a gift from Okawaru
 17063 | Lair:5   | Identified the +0 hat "Huwka" {rF++ Int+2} (Okawaru gifted
                  | it to you on level 5 of the Lair of Beasts)
 17063 | Lair:5   | Received a gift from Okawaru
 17071 | Lair:5   | Reached XP level 15. HP: 165/165 MP: 22/22
 17102 | Lair:5   | Found a large runed translucent door.
 17102 | Lair:5   | Found a large runed translucent door.
 17901 | Orc:1    | Entered Level 1 of the Orcish Mines
 18242 | Orc:2    | Entered Level 2 of the Orcish Mines
 18242 | Orc:2    | Found a staircase to the Elven Halls.
 18284 | Orc:2    | Reached skill level 10 in Maces & Flails
 18649 | Orc:2    | Found Leyhosm's Armour Shoppe.
 18649 | Orc:2    | Found Fuparetole's Antique Weapon Shop.
 18652 | Orc:2    | Found Toric's Antique Weapon Shop.
 18652 | Orc:2    | Found Nurho's Assorted Antiques.
 18859 | Orc:2    | Noticed Josephine
 18860 | Orc:2    | Found Uprur's Gadget Gallery.
 18868 | Orc:2    | Killed Josephine
 19025 | Orc:2    | Reached skill level 5 in Shields
 19253 | Orc:2    | Bought an ichor-stained mace for 208 gold pieces
 19253 | Orc:2    | Identified the +3 mace of Harmony {flame, Str+4 Int-4
                  | Dex+4} (You bought it in a shop on level 2 of the Orcish
                  | Mines)
 19422 | D:11     | Reached skill level 10 in Invocations
 19556 | D:11     | Reached skill level 15 in Fighting
 19924 | D:9      | Killed Erolcha
 19924 | D:9      | Received a gift from Okawaru
 20080 | D:12     | Reached skill level 11 in Throwing
 20096 | D:12     | Noticed Nergalle
 20122 | D:12     | Killed Nergalle
 20168 | D:12     | Identified the +5 robe of Catatonia {rElec Dex+3} (Okawaru
                  | gifted it to you on level 12 of the Dungeon)
 20168 | D:12     | Received a gift from Okawaru
 20569 | D:12     | Found a runed translucent door.
 20569 | D:12     | Found a shimmering altar of Xom.
 20569 | D:12     | Noticed KineticRobot's ghost (novice FeBe)
 20570 | D:12     | Identified the +1 broad axe of Athriafri {chaos, Fly}
 20952 | D:13     | Found a gate to the Vaults.
 21017 | D:13     | Reached skill level 12 in Throwing
 21126 | D:13     | Reached XP level 16. HP: 130/176 MP: 23/23
 21317 | Orc:2    | Bought a glowing broad axe for 189 gold pieces
 21832 | D:14     | Reached skill level 1 in Axes
 22032 | D:14     | Found a runed translucent door.
 22144 | D:14     | Found a runed translucent door.
 22707 | D:14     | Received a gift from Okawaru
 22715 | D:14     | Identified the +12 halberd "Kaofak" {flame, Fly Int-4 SInv}
 22857 | D:15     | Entered Level 15 of the Dungeon
 22890 | D:15     | Reached skill level 5 in Axes
 22914 | D:15     | Reached skill level 10 in Shields
 23149 | D:15     | Identified the +0 swamp dragon scales of Olecis {rPois
                  | Stlth+} (Okawaru gifted it to you on level 15 of the
                  | Dungeon)
 23149 | D:15     | Received a gift from Okawaru
 23198 | D:15     | Found a staircase to the Depths.
 23506 | D:15     | Got the Tome of Familiar Aeromancy
 23760 | D:15     | Found an iron altar of Okawaru.
 24164 | Swamp:1  | Entered Level 1 of the Swamp
 24254 | Swamp:1  | Noticed a thorn hunter
 24263 | Swamp:1  | Killed a thorn hunter
 24406 | Swamp:1  | You fall into a shaft and drop 1 floor!
 24406 | Swamp:2  | Noticed a fenstrider witch
 24414 | Swamp:2  | Killed a fenstrider witch
 25356 | Swamp:2  | Reached XP level 17. HP: 184/184 MP: 24/24
 25709 | Swamp:3  | Noticed Bai Suzhen
 25941 | Swamp:3  | Killed Bai Suzhen
 26305 | Swamp:4  | Entered Level 4 of the Swamp
 26489 | Swamp:4  | Identified the +0 swamp dragon scales "Nutam" {-Tele Harm
                  | rPois rC+ SInv} (Okawaru gifted it to you on level 4 of the
                  | Swamp)
 26489 | Swamp:4  | Received a gift from Okawaru
 27042 | Swamp:4  | Got a decaying rune of Zot
 27313 | Snake:1  | Entered Level 1 of the Snake Pit
 27484 | Snake:1  | Found Catarypru's Antique Armour Shoppe.
 27503 | Snake:1  | Bought a runed cloak for 277 gold pieces
 27729 | Snake:1  | Reached skill level 10 in Axes
 28075 | Snake:2  | Noticed Aizul
 28076 | Snake:2  | Received a gift from Okawaru
 28095 | Arena    | Entered the Arena
 28124 | Arena    | Entered the Arena
 28144 | Snake:2  | Received a gift from Okawaru
 28219 | Snake:2  | Identified the +1 robe "Ebeasod" {rC+ Will+ MP+9} (Okawaru
                  | gifted it to you on level 2 of the Snake Pit)
 28219 | Snake:2  | Received a gift from Okawaru
 28269 | Snake:2  | Killed Aizul
 28437 | Snake:2  | Reached XP level 18. HP: 140/201 MP: 25/25
 28488 | Snake:2  | You fall into a shaft and drop 1 floor!
 28753 | Snake:3  | Found Nuliho's Firing Range.
 29178 | Snake:2  | Found Kerrixum's Jewellery Boutique.
 29178 | Snake:2  | Found Cisaqeip's Book Emporium.
 29179 | Snake:2  | Found Quavaju Byax's Book Emporium.
 29451 | Snake:4  | Entered Level 4 of the Snake Pit
 29469 | Snake:4  | Found Jied's Antique Weapon Boutique.
 29498 | Snake:4  | Found a frozen archway.
 29531 | IceCv    | Entered an ice cave
 29618 | IceCv    | Identified the +3 leather armour of the Bagpipe {rC+ Int-4
                  | Slay+5}
 29859 | IceCv    | Found a viscous altar of Jiyva.
 29954 | IceCv    | Identified the +6 ice dragon scales "Qyclyd" {Drain rF-
                  | rC++ rCorr Str+3 Dex+2}
 29959 | IceCv    | Got the ring of Hasaghe {rPois rC+ Will+ Str+3 Int+3}
 29960 | IceCv    | Identified the +11 mace of the Crypt {venom, *Rage rElec
                  | rN+}
 30141 | Snake:4  | Received a gift from Okawaru
 30481 | Snake:4  | Noticed Vashnia
 30510 | Snake:4  | Received a gift from Okawaru
 30514 | Snake:4  | Killed Vashnia
 30628 | Snake:4  | Found Idexy's General Store.
 30797 | Snake:4  | Received a gift from Okawaru
 31022 | Snake:4  | Got a serpentine rune of Zot
 31068 | Snake:4  | Reached XP level 19. HP: 207/211 MP: 27/27
 31071 | Snake:4  | Received a gift from Okawaru
 31563 | Elf:1    | Entered Level 1 of the Elven Halls
 31964 | Elf:1    | Paralysed by an air elemental for 1 turns
 31975 | Elf:1    | Found a shimmering altar of Xom.
 32359 | Elf:1    | Paralysed by an air elemental for 1 turns
 32641 | Elf:2    | Received a gift from Okawaru
 32686 | Elf:2    | Reached skill level 10 in Dodging
 32754 | Elf:2    | Identified the +0 robe "Qoamutak" {Dex+3} (Okawaru gifted
                  | it to you on level 2 of the Elven Halls)
 32754 | Elf:2    | Received a gift from Okawaru
 32801 | Elf:2    | Found a huge runed translucent gate.
 32801 | Elf:2    | Found a huge runed translucent gate.
 32801 | Elf:2    | Found a huge runed translucent gate.
 32801 | Elf:2    | Found a huge runed translucent gate.
 32806 | Elf:2    | Found a huge runed translucent gate.
 33161 | Elf:2    | Paralysed by an air elemental for 1 turns
 34256 | Elf:3    | Entered Level 3 of the Elven Halls
 34399 | Elf:3    | Reached XP level 20. HP: 187/221 MP: 29/29
 34908 | Elf:3    | Noticed a Tzitzimitl
 34909 | Elf:3    | Received a gift from Okawaru
 34921 | Elf:3    | Identified the staff of earth "Ovizut" {rPois}
 34942 | Elf:3    | Identified the ring "Ogymebeq" {Fire rCorr Str+9 Int-3}
 34958 | Elf:3    | Identified the staff of air "Pexutro" {rElec Dex+6}
 34964 | Elf:3    | Identified the +0 leather armour "Korosch" {rC+}
 34992 | Elf:3    | Got Sif Muna's Parchment of Coruscating Darkness
 35018 | Elf:3    | Reached skill level 15 in Axes
 35063 | Elf:3    | Identified the ring "Jeuss" {Wiz Slay+2}
 35064 | Elf:3    | Noticed a Tzitzimitl
 35069 | Elf:3    | Noticed a Tzitzimitl
 35301 | Elf:3    | Identified the +0 chain mail "Xoekha" {rN+ Regen+}
 35404 | Elf:3    | Identified the +7 morningstar "Tamafag" {drain, Contam
                  | Str+4 Dex+2 Stlth-}
 35414 | Elf:3    | Received a gift from Okawaru
 35634 | Vaults:1 | Entered Level 1 of the Vaults
 35689 | Vaults:1 | Reached skill level 15 in Shields
 36030 | Vaults:1 | Reached skill level 15 in Armour
 36573 | Vaults:1 | Received a gift from Okawaru
 36752 | Vaults:1 | Found a portal to a secret trove of treasure.
 36807 | Vaults:1 | Reached XP level 21. HP: 224/230 MP: 30/30
 37215 | Vaults:2 | Found Katzurph's Distillery.
 37227 | Vaults:2 | Bought a potion of might for 80 gold pieces
 37227 | Vaults:2 | Bought a potion of haste for 200 gold pieces
 37758 | Vaults:2 | Found Zarant's Book Shop.
 37777 | Vaults:2 | Found Voaprel's General Store.
 37866 | Vaults:2 | Found Qynida's Antique Weapon Emporium.
 38119 | Vaults:2 | Received a gift from Okawaru
 38387 | Vaults:2 | Found a staircase to the Crypt.
 38668 | Vaults:3 | Received a gift from Okawaru
 38819 | Vaults:3 | Received a gift from Okawaru
 39137 | Vaults:3 | Received a gift from Okawaru
 39593 | Vaults:3 | Identified the ring "Dexzoatt" {rElec rC+ Int+6 SInv}
 39787 | Vaults:3 | Reached XP level 22. HP: 240/240 MP: 31/31
 40100 | Vaults:4 | Noticed Xtahua
 40110 | Vaults:4 | Killed Xtahua
 40111 | Vaults:4 | Reached skill level 13 in Throwing
 40121 | Vaults:4 | Received a gift from Okawaru
 40331 | Vaults:4 | Got Xaqet's Dissertation on Kinetic Energy and Cryomancy
 40456 | Vaults:4 | Identified the +7 bardiche of the Shifting Queen {speed,
                  | Str+3}
 40698 | Vaults:4 | Noticed Boris
 40713 | Vaults:4 | Killed Boris
 40876 | Vaults:4 | Noticed Zenata
 40896 | Vaults:4 | Killed Zenata
 41548 | Depths:1 | Entered Level 1 of the Depths
 41761 | Depths:1 | Noticed Mara
 41768 | Depths:1 | Noticed h0peless's illusion
 41830 | Depths:1 | Killed Mara
 42056 | Depths:1 | Found a gateway to Hell.
 42494 | Depths:2 | Reached skill level 14 in Throwing
 43000 | Depths:2 | Received a gift from Okawaru
 43014 | Depths:2 | Paralysed by a floating eye for 2 turns
 43565 | Depths:2 | You fall into a shaft and drop 1 floor!
 43565 | Depths:3 | Found a one-way gate to the infinite horrors of the Abyss.
 43663 | Depths:3 | Found a one-way gateway to a ziggurat.
 43766 | Depths:3 | Reached XP level 23. HP: 252/252 MP: 32/32
 43848 | Depths:3 | Noticed a golden dragon
 43858 | Depths:3 | Killed a golden dragon
 44254 | Depths:2 | Reached skill level 15 in Throwing
 44259 | Depths:2 | Received a gift from Okawaru
 44384 | Depths:3 | Noticed the Enchantress
 44389 | Depths:3 | Received a gift from Okawaru
 44407 | Depths:3 | Killed the Enchantress
 44645 | Depths:3 | Received a gift from Okawaru
 45145 | Depths:3 | Found Dunweish's Antique Armour Shop.
 45432 | Depths:2 | Found a one-way gate leading to the halls of Pandemonium.
 45507 | Depths:4 | Entered Level 4 of the Depths
 45530 | Depths:4 | Received a gift from Okawaru
 45754 | Depths:4 | Identified the ring "Tomamo" {+Blink rElec rCorr Dex+6}
 45933 | Depths:4 | Identified the +3 acid dragon scales "Meadexet" {Drain rC++
                  | rCorr Stlth+} (Okawaru gifted it to you on level 4 of the
                  | Depths)
 45933 | Depths:4 | Received a gift from Okawaru
 45934 | Depths:4 | Reached skill level 16 in Throwing
 46014 | Depths:4 | Identified the +0 demon blade "Kaunan" {venom, *Slow rF+
                  | Will+ Int+4}
 46344 | Depths:4 | Found a gate to the Realm of Zot.
 46344 | Depths:4 | Noticed a golden dragon
 46344 | Depths:4 | Noticed a golden dragon
 46355 | Depths:4 | Killed a golden dragon
 46363 | Depths:4 | Killed a golden dragon
 46364 | Depths:4 | Reached skill level 17 in Throwing
 46987 | Depths:4 | Noticed Parghit
 47714 | Depths:4 | Found a gate to the Realm of Zot.
 47778 | Depths:4 | Killed Parghit
 48396 | Snake:3  | Bought 3 silver javelins for 513 gold pieces
 48396 | Snake:3  | Bought 6 silver javelins for 1026 gold pieces
 48396 | Snake:3  | Bought 6 large rocks for 171 gold pieces
 48396 | Snake:3  | Bought 4 silver javelins for 684 gold pieces
 48748 | Vaults:5 | Entered Level 5 of the Vaults
 48777 | Vaults:5 | Reached skill level 18 in Throwing
 48777 | Vaults:5 | Reached XP level 24. HP: 232/265 MP: 32/32
 48797 | Vaults:5 | Received a gift from Okawaru
 48961 | Vaults:5 | Identified the +8 fire dragon scales of Space {*Slow rF++
                  | rC- Int+3 Slay+3 SInv} (Okawaru gifted it to you on level 5
                  | of the Vaults)
 48961 | Vaults:5 | Received a gift from Okawaru
 49054 | Vaults:5 | Noticed a dread lich
 49061 | Vaults:5 | Killed a dread lich
 49062 | Vaults:5 | Reached skill level 19 in Throwing
 49207 | Vaults:5 | Identified the +3 rapier of Putrescence {heavy, +Blink
                  | rPois Will+}
 49231 | Vaults:5 | Identified the +10 demon trident "Dero" {drain, rCorr
                  | Str+6}
 49538 | Vaults:5 | Reached skill level 20 in Throwing
 49880 | Vaults:5 | Identified the staff of air "Hiedom" {rElec Str+3 Dex+3
                  | SInv Stlth+}
 50023 | Vaults:5 | Received a gift from Okawaru
 50190 | Vaults:5 | Found the +1 robe of Vines {NoPotionHeal Regen++++}
 50207 | Vaults:5 | Identified the ring of Exkeibag {*Slow rElec AC+4 Int+3
                  | Dex+8}
 50259 | Vaults:5 | Got a silver rune of Zot
 50411 | Vaults:5 | Noticed a dread lich
 50429 | Vaults:5 | Reached skill level 21 in Throwing
 50431 | Vaults:5 | Killed a dread lich
 50742 | Vaults:5 | Identified the staff of conjuration "Xono" {Will+ SInv}
 50753 | Vaults:5 | Got the Teachings on Therianthropy
 50813 | Vaults:5 | Identified the ring "Xesut" {Fire Int+4}
 50844 | Vaults:5 | Identified the +6 flail of Wiav {vamp, +Blink Str-3 Int+2
                  | Dex+3}
 50844 | Vaults:5 | Identified the ring of Tomorrow {rPois rCorr}
 51069 | Vaults:1 | You paid a toll of a +10 demon trident to enter a treasure
                  | trove
 51070 | Trove    | Entered a treasure trove
 51077 | Trove    | Identified the +1 cloak "Tidomosu" {Harm *Slow Int+5}
 51091 | Trove    | Identified the +3 gold dragon scales of Hubris {rElec rPois
                  | rF+ rC+}
 51131 | Trove    | Identified the amulet "Cuavuego" {Acrobat +Inv Will- rCorr
                  | Int+4}
 51694 | Crypt:1  | Entered Level 1 of the Crypt
 51850 | Crypt:1  | Reached XP level 25. HP: 273/273 MP: 32/32
 53111 | Crypt:2  | Received a gift from Okawaru
 53352 | Crypt:3  | Entered Level 3 of the Crypt
 53402 | Crypt:3  | Received a gift from Okawaru
 53471 | Crypt:3  | Reached skill level 22 in Throwing
 53526 | Crypt:3  | Identified the +2 hand axe of the Kidney {antimagic, rF-
                  | Int+3 Dex+6}
 53619 | Crypt:3  | Received a gift from Okawaru
 53840 | Crypt:3  | Found a staircase to the Tomb.
 53990 | Crypt:3  | Received a gift from Okawaru
 54196 | Crypt:3  | Found an ancient bone altar of Kikubaaqudgha.
 54232 | Crypt:3  | Received a gift from Okawaru
 54308 | Crypt:3  | Found the +8 demon blade "Leech" {evervamp, Harm Drain rN+}
 54309 | Crypt:3  | Found the +11 plutonium sword {Contam Stlth-}
 54311 | Crypt:3  | Noticed an ancient lich
 54330 | Crypt:3  | Killed an ancient lich
 54466 | Crypt:3  | Got the Almanac of Changing
 54716 | Crypt:3  | Received a gift from Okawaru
 55521 | Zot:1    | Entered Level 1 of the Realm of Zot
 56276 | Zot:1    | Noticed an orb of fire
 56281 | Zot:1    | Killed an orb of fire
 56284 | Zot:1    | Learned a level 1 spell: Apportation
 56352 | Zot:1    | Reached XP level 26. HP: 288/288 MP: 23/32
 56494 | Zot:1    | Reached skill level 23 in Throwing
 56802 | Zot:1    | Received a gift from Okawaru
 57085 | Zot:1    | Got the Atlas of Bewitching Causimancy
 57893 | Zot:2    | Identified the +2 trident "Zotiqyiss" {flame, Int+2}
                  | (Okawaru gifted it to you on level 2 of the Realm of Zot)
 57893 | Zot:2    | Received a gift from Okawaru
 57905 | Zot:2    | Reached skill level 15 in Dodging
 58180 | Zot:2    | Identified the amulet of the Oligarchy {*Corrode rC++
                  | Regen+ Slay+6}
 58839 | Zot:2    | Noticed an orb of fire
 58858 | Zot:2    | Gained mutation: You are vulnerable to heat. (rF-) [an orb
                  | of fire]
 58862 | Zot:2    | Killed an orb of fire
 58862 | Zot:2    | Received a gift from Okawaru
 59487 | Zot:2    | Received a gift from Okawaru
 59899 | Zot:2    | Reached skill level 24 in Throwing
 59906 | Zot:2    | Identified the +6 trident of Pexuklec {flame, Fly Dex+4}
                  | (Okawaru gifted it to you on level 2 of the Realm of Zot)
 59906 | Zot:2    | Received a gift from Okawaru
 60512 | D:14     | Identified the amulet of Warulekk {Reflect rElec MP+9 SH+5
                  | Stlth+}
 60560 | D:14     | Identified the ring of the Death Scarab {Fly rF- rCorr
                  | Int+7 SInv}
 61731 | Zot:3    | Noticed an orb of fire
 61739 | Zot:3    | Gained mutation: You are weak. (Str -2) [an orb of fire]
 61742 | Zot:3    | Gained mutation: You occasionally lose the ability to read
                  | scrolls when taking damage. [an orb of fire]
 61745 | Zot:3    | Killed an orb of fire
 61746 | Zot:3    | Lost mutation: You occasionally lose the ability to read
                  | scrolls when taking damage. [potion of mutation]
 61746 | Zot:3    | Lost mutation: You are weak. (Str -2) [potion of mutation]
 61746 | Zot:3    | Gained mutation: You have large cloven feet. [potion of
                  | mutation]
 61746 | Zot:3    | Gained mutation: You expend magic power (3 MP) to
                  | strengthen your wands. [potion of mutation]
 61747 | Zot:3    | Lost mutation: You expend magic power (3 MP) to strengthen
                  | your wands. [potion of mutation]
 61747 | Zot:3    | Lost mutation: You are vulnerable to heat. (rF-) [potion of
                  | mutation]
 61747 | Zot:3    | Lost mutation: You have large cloven feet. [potion of
                  | mutation]
 61747 | Zot:3    | Gained mutation: You are frail. (-10% HP) [potion of
                  | mutation]
 61748 | Zot:3    | Lost mutation: You are frail. (-10% HP) [potion of
                  | mutation]
 61748 | Zot:3    | Gained mutation: Your movements are slightly less
                  | encumbered by armour. (ER -2) [potion of mutation]
 61748 | Zot:3    | Gained mutation: Your magical capacity is low. (-10% MP)
                  | [potion of mutation]
 61748 | Zot:3    | Gained mutation: You are agile. (Dex +4, Str/Int -1)
                  | [potion of mutation]
 62607 | Zot:4    | Reached XP level 27. HP: 298/302 MP: 29/29
 63763 | Zot:5    | Entered Level 5 of the Realm of Zot
 63767 | Zot:5    | Received a gift from Okawaru
 64015 | Zot:5    | Received a gift from Okawaru
 64269 | Zot:5    | Identified the +2 great mace "Caxkoog" {flame, rElec rF+}
                  | (Okawaru gifted it to you on level 5 of the Realm of Zot)
 64269 | Zot:5    | Received a gift from Okawaru
 64280 | Zot:5    | Noticed an orb of fire
 64282 | Zot:5    | Gained mutation: You occasionally lose the ability to drink
                  | potions when taking damage. [an orb of fire]
 64286 | Zot:5    | Noticed an orb of fire
 64288 | Zot:5    | Killed an orb of fire
 64299 | Zot:5    | Killed an orb of fire
 64299 | Zot:5    | Noticed an orb of fire
 64302 | Zot:5    | Killed an orb of fire
 64328 | Zot:5    | Noticed a dread lich
 64328 | Zot:5    | Noticed a dread lich
 64336 | Zot:5    | Killed a dread lich
 64337 | Zot:5    | Reached skill level 25 in Throwing
 64341 | Zot:5    | Killed a dread lich
 64349 | Zot:5    | Noticed an ancient lich
 64351 | Zot:5    | Noticed an ancient lich
 64357 | Zot:5    | Noticed an ancient lich
 64362 | Zot:5    | Killed an ancient lich
 64371 | Zot:5    | Killed an ancient lich
 64375 | Zot:5    | Killed an ancient lich
 64375 | Zot:5    | Received a gift from Okawaru
 64397 | Zot:5    | Noticed an ancient lich
 64403 | Zot:5    | Killed an ancient lich
 64404 | Zot:5    | Noticed an ancient lich
 64410 | Zot:5    | Killed an ancient lich
 64410 | Zot:5    | Received a gift from Okawaru
 64410 | Zot:5    | Noticed a dread lich
 64415 | Zot:5    | Killed a dread lich
 64432 | Zot:5    | Received a gift from Okawaru
 65122 | Zot:5    | Got the Orb of Zot
 65580 | D:$      | Escaped with the Orb!

Illustrated notes

Levels and vault maps discovered:
D:1:      minmay_arrival_semitransparent, layout_basic,
          nicolae_nh_oracle_at_delphi
D:2:      layout_rooms
D:3:      layout_basic
D:4:      layout_layer_cave, mainiacjoe_overflow_concentric_impassable
D:5:      layout_cave_pools, mainiacjoe_overflow_24_doors,
          gup_sewer_entry_spiral, grunt_ministairs_5
D:6:      layout_rooms, temple_hall
D:7:      layout_loops_ring, nzn_overflow_gifts_of_might_and_magic,
          mainiacjoe_overflow_divided_tiny, minmay_stone_trees_small
D:8:      layout_loops_ring, nrook_campfire, nicolae_benzene_ring, uniq_erica
D:9:      layout_cave_pods, uniq_harold, uniq_erolcha
D:10:     layout_basic, nicolae_dithmenos_through_a_glass_darkly,
          serial_park_tiny_1
D:11:     minmay_bloctagon, layout_basic, dpeg_oklobed_lair, zombieorc1_lemuel,
          uniq_gastronok, uniq_lodul, uniq_fannar
D:12:     layout_cave_pools, ebering_ghost_xom, uniq_nergalle
D:13:     layout_basic, lightli_vaults_fourway_checkpoint
D:14:     cheibrodos_histonic, layout_stronghold, minivault_12
D:15:     grunt_enter_depths_hoard, layout_basic,
          hellmonk_okawaru_the_only_friend_you_need, minmay_puff
Temple:   minmay_freezing_vapour_temple
Lair:1:   layout_cave_shapes, uniq_amaemon, uniq_maggie, uniq_sonja
Lair:2:   nzn_winding_woodlands_small [nzn_winding_woodlands_5x15_pool,
          nzn_winding_woodlands_center_pierced_h,
          nzn_winding_woodlands_5x15_lazy_stream], layout_cave_pods,
          gauntlet_entry_generic, cheibrodos_lair_caveside_slide,
          chequers_serial_rivers_marsh, nicolae_lair_run_with_the_wolves,
          infiniplex_staircase_pool
Lair:3:   layout_regular_city, skrybe_swamp_entry_bodies,
          minmay_snake_entry_guardpost_small, uniq_kirke, uniq_urug
Lair:4:   layout_cave_pods, slime_entry_1, nicolae_volcano_entry_vermiform,
          grunt_megastairs_2, serial_bayou_shore_b
Lair:5:   cheibrodos_lair_end_hotspot, layout_hall_layers
Swamp:1:  layout_falls_marsh, evilmike_swamp_ruin_wall, swamp_pool1,
          nicolae_swamp_stuck_in_the_mud
Swamp:2:  nicolae_swamp_decorative_isthmus, layout_basic_swamp,
          evilmike_swamp_ruin_house_6
Swamp:3:  layout_basic_swamp, evilmike_swamp_ruin_house_5, uniq_bai_suzhen
Swamp:4:  swamp_alternative, layout_basic_swamp, swamp_pool1, grunt_hermit_hut
Snake:1:  layout_basic, serial_shops, nicolae_shop_stone
Snake:2:  nicolae_aizul_guard, layout_cave_shapes, minmay_shop_grove, uniq_aizul
Snake:3:  layout_misc_corridors, nicolae_shop_firing_range
Snake:4:  johnstein_snake_rune_scales, layout_chambers, serial_shops, shop,
          portal_ice_cave_entry_pillars_2, minmay_shop_grid_forest, uniq_vashnia
Orc:1:    layout_diamond_mine
Orc:2:    grunt_orc_tribal_feast, layout_caves, nicolae_shop_gadgets,
          uniq_josephine
Elf:1:    eino_elf_arrival_the_gate, layout_geoelf_grid, basic_altar,
          hangedman_elven_crosses_minicolossus
Elf:2:    elven_hall_of_blades_hangedman_alternative
          [nicolae_blade_little_rooms], layout_loops_cross,
          minmay_misc_feat_columns, st_stairs_11, serial_sigils_hangedman_etch
Elf:3:    minmay_elf_hall_quartered_circle, layout_geoelf_octagon,
          palyth_stone_intersect
Vaults:1: nicolae_vaults_closet_pinwheel_6, nicolae_vaults_variable_pillar_hall,
          hangedman_vaults_restitches, vaults_room_fours, v_misc_13,
          hangedman_vaults_capsules, nicolae_vaults_apartment_1,
          nicolae_vaults_tetromino_Z_1, layout_vaults_omnigrid,
          nicolae_trove_entry_columns, serial_glass
Vaults:2: grunt_vaults_diagonal, nicolae_vaults_trapezoid_2,
          minmay_crypt_entry_vampire_xt, nicolae_vaults_tetromino_Z_1,
          nicolae_vaults_closet_pinwheel_1, vaults_room_grunt_arrival_ludios,
          grunt_vaults_swirl, nicolae_vaults_closet_pinwheel_3,
          nicolae_vaults_network_periphery, v_pattern_4, nicolae_vaults_theta,
          nicolae_vaults_storage_room_doors, nicolae_vaults_trapezoid_4,
          v_alt_pattern_3, layout_vaults_big_cross, serial_shops, shop,
          nicolae_lakefront_shop, nicolae_shop_hallway_stairs,
          nicolae_shop_tiny_real_fake_doors
Vaults:3: v_misc_13, nicolae_vaults_what_the_h, nicolae_vaults_tetromino_L_1,
          nicolae_vaults_trapezoid_layered, nicolae_vaults_layer_cake_slice,
          v_misc_16, vaults_mumra_minichess_inversion,
          nicolae_vaults_weapon_check, nicolae_vaults_arrows,
          nicolae_vaults_inception_scallops, vaults_mumra_hex,
          nicolae_vaults_network_quinsquares
          [nicolae_vaults_network_quincunx_subvault,
          nicolae_vaults_network_quincunx_subvault,
          nicolae_vaults_network_quincunx_subvault,
          nicolae_vaults_network_quincunx_subvault],
          nicolae_vaults_tetromino_L_2, nicolae_vaults_house_1,
          nicolae_vaults_asterisk, nicolae_vaults_diagonal_hallway_8,
          layout_vaults_omnibox
Vaults:4: nicolae_vaults_wrenched, v_misc_30, nicolae_vaults_steering_wheel,
          v_misc_31, nicolae_vaults_trapezoid_lopsided_3,
          nicolae_vaults_cochlea, nicolae_vaults_layer_cake_slice,
          nicolae_vaults_surprise_closet, v_misc_26, nicolae_vaults_trapezoid_3,
          nicolae_vaults_trapezoid_lopsided_3,
          nicolae_vaults_security_offices_1, grunt_vaults_focal,
          vaults_mumra_chevron, ontoclasm_vaults_fault,
          layout_vaults_maze_snakey, uniq_xtahua, uniq_boris, uniq_zenata
Vaults:5: serial_shops
Crypt:1:  layout_gridlike, grunt_crypt_arrival_guarded_gate
Crypt:2:  layout_misc_corridors, serial_glass, glass_columns_a, glass_columns_a
Crypt:3:  church_of_pain_bobbens, layout_chaotic_city
Depths:1: layout_long_grid, hangedman_tar_grid_catacomb,
          nicolae_kite_square_tiling_tiny, st_stairs_14, minmay_microvault,
          uniq_mara
Depths:2: nicolae_hexawheel, layout_honeycomb, pf_coc_iceberg,
          rand_demon_pan_entry_4, kennysheep_donut
Depths:3: nicolae_BIG_FREAKIN_CUBE, layout_gridlike, enter_ziggurat_a,
          kennysheep_boxes, abyss_entry, serial_shops,
          nicolae_shop_back_alley_shop, hell_entry, minmay_staircase_bubble,
          uniq_enchantress
Depths:4: grunt_zot_entry_funnels, layout_honeycomb, hellmouth_3, moated_statue,
          uniq_parghit
Zot:1:    layout_cathedral_of_symmetry, zot_minivault_1
Zot:2:    grunt_deathspiral_small, layout_onion_interference, st_stairs_13
Zot:3:    layout_basic, uniq_josephina
Zot:4:    layout_basic
Zot:5:    layout_gridlike

Skill      XL: |  1  2  3  4  5  6  7  8  9 10 11 12 13 14 15 16 17 18 19 20 21 22 23 24 25 26 27 |
---------------+----------------------------------------------------------------------------------+-----
Fighting       | 3 4 5 6 11 13 14 15 17 18 19 20 21 22 23 | 23.9
Maces & Flails | 3 4 5 6 8 9 10 | 10.0
Throwing       | 3 4 6 7 8 9 10 12 14 18 21 22 24 25 | 25.7
Dodging        | 3 5 6 7 8 9 10 11 12 14 16 17 | 17.6
Invocations    | 4 6 7 9 10 11 12 13 | 13.0
Shields        | 3 7 11 12 13 14 16 20 | 20.0
Armour         | 8 12 13 14 15 16 17 18 | 18.4
Axes           | 7 10 12 14 16 | 16.8

Action                     |  1- 3 |  4- 6 |  7- 9 | 10-12 | 13-15 | 16-18 | 19-21 | 22-24 | 25-27 || total
---------------------------+-------+-------+-------+-------+-------+-------+-------+-------+-------++-------
  Melee: Flail             |    29 |       |       |       |       |       |       |       |       ||    29
         Mace              |    93 |       |       |       |       |       |       |       |       ||    93
         Whip              |    14 |   125 |   229 |   341 |  1501 |    76 |       |       |       ||  2286
         Punch             |       |     1 |     1 |     5 |       |       |       |       |       ||     7
         Broad axe         |       |       |       |       |       |  1039 |  1020 |  1658 |  1442 ||  5159
         Staff             |       |       |       |       |       |       |       |       |    47 ||    47
   Fire: Sling             |       |       |    28 |    73 |       |       |       |       |       ||   101
  Throw: Stone             |     3 |       |     8 |    36 |    18 |       |       |       |       ||    65
         Dart              |       |     8 |    17 |    64 |     6 |       |       |     8 |       ||   103
         Throwing net      |       |     2 |       |     5 |       |       |       |       |       ||     7
         Javelin           |       |       |       |    23 |    19 |     3 |     7 |     6 |    69 ||   127
         Boomerang         |       |       |       |    25 |     8 |    15 |   187 |    82 |    97 ||   414
         Large rock        |       |       |       |     3 |       |    34 |       |       |   154 ||   191
   Cast: Apportation       |       |       |       |       |       |       |       |       |     1 ||     1
 Invoke: Heroism           |       |       |       |     3 |     4 |       |     1 |     2 |       ||    10
         Duel              |       |       |       |       |       |     2 |       |       |       ||     2
         Finesse           |       |       |       |       |       |       |       |     1 |     1 ||     2
  Evoke: Wand              |       |       |     3 |     9 |     3 |       |       |     2 |     5 ||    22
         Phial of floods   |       |       |       |       |       |       |       |     1 |       ||     1
    Use: Scroll            |     1 |     7 |     5 |    13 |    11 |    12 |     4 |     2 |    16 ||    71
         Potion            |       |     1 |     1 |     2 |       |     9 |       |       |     4 ||    17
   Stab: Sleeping          |     1 |     2 |       |       |       |       |       |       |       ||     3
         Invisible         |       |       |     2 |       |     1 |       |       |       |       ||     3
         Confused          |       |       |       |       |       |     1 |       |       |       ||     1
         Distracted        |       |       |       |       |       |       |     1 |       |     1 ||     2
 Armour: Robe              |    53 |    21 |    30 |    21 |       |       |       |       |       ||   125
         Acid dragon scale |       |       |       |    41 |    22 |       |       |       |       ||    63
         Gold dragon scale |       |       |       |       |   872 |   902 |   284 |   363 |   418 ||  2839
  Dodge: Dodged            |    75 |    35 |    71 |   109 |   323 |   317 |   123 |   175 |   245 ||  1473
  Block: Kite shield       |       |       |       |    22 |   761 |  1292 |   531 |       |       ||  2606
         Reflection        |       |       |       |       |       |   105 |   129 |    60 |    10 ||   304
         Tower shield      |       |       |       |       |       |       |   277 |  1673 |  1683 ||  3633
